 Dungeon Crawl Stone Soup version 0.31.0-11-ge490571c62 (webtiles) character file.

Game seed: 8731216114610784723

421 qw the Ducker (level 6, 0/32 HPs)
             Began as a Spriggan Hunter on Feb 4, 2024.
             Slain by a lemure (1 damage)
             ... led by Pikel
             ... on level 4 of the Dungeon.
             The game lasted 00:00:12 (2204 turns).

qw the Ducker (Spriggan Hunter)                     Turns: 2204, Time: 00:00:13

Health: 0/32       AC:  4    Str:  7    XL:     6   Next: 62%
Magic:  0/7        EV: 21    Int: 11    God:
Gold:   182        SH:  0    Dex: 20    Spells: 5/5 levels left

rFire   . . .        a - +0 shortbow
rCold   . . .        (shield currently unavailable)
rNeg    . . .        c - +0 robe
rPois   .            (helmet restricted)
rElec   .            o - +1 cloak
rCorr   .            (gloves unavailable)
SInv    +            (boots unavailable)
Will    +....        k - amulet of guardian spirit
Stlth   ++           (no ring)
HPRegen 0.25/turn    (no ring)
MPRegen 0.10/turn

%: guardian spirit
@: very quick
A: very small, no large weapons, unfitting armour, see invisible, speed 3
a: no special abilities


You were on level 4 of the Dungeon.
You visited 1 branch of the dungeon, and saw 4 of its levels.

You collected 182 gold pieces.


Innate Abilities, Weirdness & Mutations

You are very small and have problems with some larger weapons.
You are too small for most types of armour.
You have supernaturally acute eyesight. (SInv)
You cover ground extremely quickly. (Speed+++)


   Skills:
 - Level 2.7 Fighting
 + Level 6.0 Ranged Weapons
 - Level 6.4 Dodging
 - Level 1.5 Stealth


You had 5 spell levels left.
You didn't know any spells.
Your spell library was empty.

Inventory:

Hand Weapons
 a - a +0 shortbow (weapon)
Armour
 c - a +0 robe (worn)
 o - a +1 cloak (worn)
Jewellery
 i - a ring of ice
 k - an amulet of guardian spirit (around neck)
Scrolls
 d - a scroll of poison {unknown}
 l - a scroll of revelation {unknown}
Potions
 b - a potion of cancellation
 e - 2 potions of curing
 f - a potion of mutation
 g - a potion of degeneration {unknown}
 h - a potion of magic {unknown}
 j - a potion of enlightenment {unknown}
 m - a potion of resistance
 n - a potion of brilliance {unknown}
 q - a potion of haste {unknown}

Dungeon Overview and Level Annotations

Branches:
Dungeon (4/15)
 Temple: D:4-7

Altars:
Elyvilon
Xom

Shops:
D:3 (

Annotations:
D:2 1 runed translucent door, Crazy Yiuf
D:4 Grinder, Pikel


Message History

Pikel barely misses you. The lemure misses you.
You shoot an arrow. The arrow barely misses Pikel.
The arrow barely misses the black bear.
Pikel hits you with a +1 whip of electrocution.
The lemure completely misses you.
You shoot an arrow. The arrow misses Pikel.
The arrow hits the black bear!
You kill the black bear!
Pikel closely misses you. The lemure completely misses you.
Your Dodging skill increases to level 6!
You shoot an arrow.
The arrow hits Pikel but does no damage.
Pikel is severely wounded.
Pikel misses you. The lemure misses you.
You shoot an arrow.
The arrow hits Pikel but does no damage.
Pikel is severely wounded.
Pikel closely misses you. The lemure misses you.
Grinder comes into view.
You shoot an arrow. The arrow closely misses Pikel.
The arrow completely misses the lemure.
Pikel hits you with a +1 whip of electrocution!
The lemure completely misses you.
You shoot an arrow.
The arrow hits Pikel but does no damage.
Pikel is severely wounded.
Pikel barely misses you. The lemure misses you. Pikel closely misses you.
The lemure hits you but does no damage.
You shoot an arrow. The arrow barely misses Pikel.
The arrow hits Grinder.
Grinder is lightly wounded.
Pikel closely misses you. The lemure completely misses you.
You shoot an arrow.
The arrow hits Pikel but does no damage.
Pikel is severely wounded.
Pikel closely misses you. The lemure hits you but does no damage.
You shoot an arrow.
The arrow hits Pikel but does no damage.
Pikel is severely wounded.
Pikel hits you with a +1 whip of electrocution!
The lemure hits you.
You die...

.5....# . #.....# # . ..
#.....#####. . 55.#.......#..
. ...#.........# . .........
#5. . #..%.###5# # #..#K.##@#
# . #..##.##K####... . .
#^####......555...... .)######
.........#......######
........ #####.......##..#
##....####)
........#.###..###....#....)..
###..##............#########.#
#..# ########........ # #) #.#
#.##......# ##


You could see Pikel, Grinder and 4 lemures.

Vanquished Creatures
  A black bear (D:4)
  A scorpion (D:4)
  2 bombardier beetles (D:4)
  3 orc priests (D:4)
  2 adders (D:3)
  3 dart slugs (D:3)
  A ribbon worm (D:4)
  12 orcs
  6 endoplasms
  A giant cockroach (D:1)
  5 goblins
  6 hobgoblins
  7 jackals
  2 quokkas
  5 ball pythons
  8 bats
  3 frilled lizards
  6 kobolds
  5 rats
79 creatures vanquished.

Notes
Turn   | Place    | Note
-------+----------+-------------------------------------------
     0 | D:1      | qw the Spriggan Hunter began the quest for the Orb.
     0 | D:1      | Reached XP level 1. HP: 10/10 MP: 2/2
     0 | D:1      | 0 ||| qw: Version: 0.3-a-160-g6735b56
     0 | D:1      | 0 ||| qw: Game counter: 4328
     0 | D:1      | 0 ||| qw: Melee chars always use a shield: true
     0 | D:1      | 0 ||| qw: God list: Okawaru
     0 | D:1      | 0 ||| qw: Allow faded altars: false
     0 | D:1      | 0 ||| qw: Do Orc after clearing Dungeon:15 true
     0 | D:1      | 0 ||| qw: Do second Lair branch before Depths: true
     0 | D:1      | 0 ||| qw: Lair rune preference: random
     0 | D:1      | 0 ||| qw: Goals: Normal
     0 | D:1      | 0 ||| PLANNING D:1-11
    34 | D:1      | Reached skill level 3 in Dodging
    45 | D:1      | Found a faded altar of an unknown god.
    96 | D:1      | Reached XP level 2. HP: 14/14 MP: 3/3
   556 | D:1      | 556 ||| UPGRADING to amulet of guardian spirit.
   561 | D:1      | 561 ||| READING scroll labelled TIRGHE SEUGEG.
   566 | D:1      | 566 ||| READING scroll labelled GYLEES TEUMURE.
   567 | D:1      | 567 ||| READING scroll labelled RYINOR ZUHOU.
   567 | D:1      | 567 ||| IDENTIFYING red potion
   568 | D:1      | 568 ||| DROPPING scroll of butterflies.
   594 | D:2      | Reached XP level 3. HP: 18/18 MP: 4/4
   836 | D:2      | Found a runed translucent door.
   837 | D:2      | Noticed Crazy Yiuf
  1176 | D:2      | 1176 ||| DROPPING amulet of magic regeneration.
  1177 | D:2      | 1177 ||| READING 2 scrolls labelled KEC TYMMUOSACH.
  1177 | D:2      | 1177 ||| ENCHANTING +0 shortbow.
  1405 | D:3      | Reached XP level 4. HP: 16/22 MP: 5/5
  1687 | D:3      | Found Acamu's Weapon Shoppe.
  1809 | D:3      | 1809 ||| UPGRADING to +0 cloak.
  1814 | D:3      | 1814 ||| READING scroll of enchant armour.
  1814 | D:3      | 1814 ||| ENCHANTING +0 cloak.
  1815 | D:3      | 1815 ||| READING scroll of identify.
  1815 | D:3      | 1815 ||| IDENTIFYING coppery potion
  1816 | D:3      | 1816 ||| DRINKING 3 black potions.
  1817 | D:3      | 1817 ||| DRINKING 2 metallic pink potions.
  1831 | D:4      | 1831 ||| PLANNING SEWER
  1846 | D:4      | Found a shimmering altar of Xom.
  1874 | D:4      | Noticed a scorpion
  1881 | D:4      | Killed a scorpion
  1882 | D:4      | Reached XP level 5. HP: 27/27 MP: 6/6
  1905 | D:4      | Found a white marble altar of Elyvilon.
  1974 | D:4      | HP: 6/27 [orc priest/+0 trident (6)]
  1975 | D:4      | 1975 ||| READING scroll of teleportation.
  1994 | D:4      | HP: 2/27 [orc priest/divine providence (9)]
  1996 | D:4      | Reached skill level 6 in Ranged Weapons
  1996 | D:4      | Reached XP level 6. HP: 3/32 MP: 0/7
  2171 | D:4      | Noticed Pikel
  2176 | D:4      | 2176 ||| RETREEEEATING.
  2178 | D:4      | 2178 ||| RETREEEEATING.
  2179 | D:4      | 2179 ||| RETREEEEATING.
  2180 | D:4      | 2180 ||| RETREEEEATING.
  2181 | D:4      | 2181 ||| RETREEEEATING.
  2183 | D:4      | 2183 ||| RETREEEEATING.
  2198 | D:4      | Reached skill level 6 in Dodging
  2200 | D:4      | Noticed Grinder
  2200 | D:4      | HP: 8/32 [Pikel/+1 whip of electrocution (7)]
  2204 | D:4      | HP: 1/32 [Pikel/+1 whip of electrocution (8)]
  2204 | D:4      | Slain by a lemure

Levels and vault maps discovered:
D:1:      wander_arrival_peaceful_grave, layout_loops_ring,
          hellmonk_ecumenical_altar_pennies_from_heaven, minmay_liquid_box,
          minmay_misc_feat_tiny
D:2:      layout_basic, minmay_tall_x, uniq_crazy_yiuf_cottage
D:3:      layout_loops_ring, serial_shops, shop
D:4:      layout_rooms, lemuel_tele_altar, kennysheep_mini_moat,
          mainiacjoe_overflow_boulevard, mainiacjoe_overflow_alcove_2,
          cheibrodos_sewer_entry_bend, uniq_grinder, uniq_pikel

Skill      XL: |  1  2  3  4  5  6 |
---------------+-------------------+-----
Dodging        | 3 4 5 6 |  6.4
Ranged Weapons | 5 6 |  6.0
Fighting       | 2 |  2.7
Stealth        | |  1.5

Action                     |  1- 3 |  4- 6 || total
---------------------------+-------+-------++-------
   Fire: Shortbow          |   128 |   132 ||   260
    Use: Scroll            |     4 |     3 ||     7
         Potion            |       |     2 ||     2
 Armour: Robe              |     6 |    19 ||    25
  Dodge: Dodged            |    38 |    54 ||    92

Table legend:
 A = Non-vault XP
 B = Vault XP
 C = Vault XP percentage of total XP
 D = Non-vault monster count
 E = Vault monster count
 F = Vault count percentage of total count
                 A         B        C        D         E       F
            +---------+---------+-------+---------+---------+-------
      Total |     595 |       7 |   1.2 |      75 |       4 |   5.1
            +---------+---------+-------+---------+---------+-------
        D:1 |      31 |       0 |   0.0 |      21 |       0 |   0.0
        D:2 |      27 |       7 |  20.6 |      15 |       4 |  21.1
        D:3 |      66 |       0 |   0.0 |      19 |       0 |   0.0
        D:4 |     471 |       0 |   0.0 |      20 |       0 |   0.0
            +---------+---------+-------+---------+---------+-------
